[Event "Early-Titled-Tuesday-Blitz-February-06-2024"]
[Site "Chess.com"]
[Date "2024.02.06"]
[Round "10"]
[White "bteillet"]
[Black "Doublekk14"]
[Result "0-1"]
[WhiteElo "2156"]
[BlackElo "2303"]
[TimeControl "180+1"]
[EndTime "9:55:50 PST"]
[Termination "Doublekk14 won by checkmate"]

1. b4 c5 2. bxc5 e6 3. d4 Nf6 4. Nf3 b6 5. cxb6 Qxb6 6. e3 Bb4+ 7. Bd2 O-O 8. c3 Ba5 9. Bd3 Qb2 10. O-O Qxa1 11.
Qc2 Ba6 12. Bxa6 Nxa6 13. Na3 Qxf1+ 14. Kxf1 Bd8 15. Qa4 Nc7 16. Ne5 d5 17. f3 Be7 18.
Nc2 Rfc8 19. Ke2 a6 20. Kd3 Nb5 21. Nb4 Nd6 22. Nbc6 Bf8 23. g4 h6 24. h4 Nfe8 25. Nd7 Nc4 26. Bc1 Bd6 27. e4 Rc7 28. e5 Rxd7 29.
exd6 Nexd6 30. Ne5 Rc7 31. f4 Nxe5+ 32. fxe5 Nb5 33. Bd2 Rc6 34. g5 hxg5 35. hxg5 Rac8 36. g6 Nxc3 37. gxf7+ Kxf7 38. Qb3 Nb5 39. Qd1 Rc4 40.
Qh5+ Kg8 41. Qg6 Nxd4 42. Bh6 R8c7 43. Bg5 Nf5 44. Qe8+ Kh7 45. Qxe6 Rd4+ 46. Ke2 Re4+ 47. Kd3 Nd4 48. Qd6 Rf7 49. e6 Rf3+ 50. Kd2 Re2+ 51. Kc1 Rf1# 0-1

[Event "Early-Titled-Tuesday-Blitz-February-06-2024"]
[Site "Chess.com"]
[Date "2024.02.06"]
[Round "10"]
[White "FMVolodymyrSakun"]
[Black "HanSchut"]
[Result "1-0"]
[WhiteElo "2534"]
[BlackElo "2255"]
[TimeControl "180+1"]
[EndTime "9:55:50 PST"]
[Termination "FMVolodymyrSakun won on time"]

1. e4 c5 2. Nf3 d6 3. Bb5+ Bd7 4. Bxd7+ Qxd7 5. O-O Nc6 6. Qe2 Nf6 7. c3 e6 8. d4 cxd4 9. cxd4 d5 10. e5 Ne4 11.
Nbd2 Nxd2 12. Bxd2 Be7 13. Rab1 O-O 14. b4 Rfc8 15.
h4 Nd8 16. h5 Rc4 17. h6 g6 18. b5 Rac8 19. Qd3 b6 20. g3 Nb7 21. Kg2 Rc2 22.
a4 Ra2 23. Rfc1 Rxa4 24. Bg5 Rac4 25. Qe3 Na5 26. Qf4 R8c7 27. Bf6 Bf8 28. Rh1 Rc3 29. Bg7 Qd8 30. Ng5 Nc4 31. Rbc1 Rb3 32. Bf6 Be7 33.
Nxf7 Kxf7 34. Bxe7+ Kxe7 35. Qf6+ Kd7 36. Qg7+ Qe7 37.
Rh4 Rb2 38. Rf4 Ne3+ 39. Kh3 Rxc1 40. fxe3 Rh1+ 41. Kg4 Rh4+ 42. gxh4 Rg2+ 43. Kf3 Rg1 44.
Kf2 Rh1 45. Rf7 1-0

[Event "Early-Titled-Tuesday-Blitz-February-06-2024"]
[Site "Chess.com"]
[Date "2024.02.06"]
[Round "10"]
[White "alvarorodriguezavila"]
[Black "RianKapriaga"]
[Result "1-0"]
[WhiteElo "2371"]
[BlackElo "2276"]
[TimeControl "180+1"]
[EndTime "9:55:51 PST"]
[Termination "alvarorodriguezavila won on time"]

1. b3 g6 2. Bb2 Nf6 3. c4 Bg7 4. g3 O-O 5. Bg2 c6 6. Nf3 d5 7. cxd5 cxd5 8. O-O Nc6 9. d3 Bg4 10. Nbd2 Qd7 11. Rc1 Bh3 12. Ne5 Nxe5 13. Bxe5 Bxg2 14. Kxg2 Rac8 15. Nf3 Rxc1 16. Qxc1 Rc8 17. Qb2 Qc6 18. Nd4 Qa6 19. a4 Ne8 20. Bxg7 Nxg7 21. Rc1 b6 22.
Nb5 Ne6 23. Rxc8+ Qxc8 24. Nxa7 Qb7 25. Nb5 d4+ 26. f3 Qd5 27. b4 h5 28. Qc2 h4 29.
Qc4 Qe5 30. Qc2 Qf5 31. Qc6 h3+ 32. Kf2 Qe5 33. Qe4 Qg5 34. Nxd4 Nxd4 35. Qxd4 Qc1 36. Qh4 Qa1 37. Qxh3 Qxa4 38. Qc8+ Kg7 39. Qc3+ f6 40. Qc4 b5 41. Qe4 e5 42. Kg2 Qa7 43. f4 exf4 44. Qxf4 Qd7 45. Qe4 g5 46. h3 Qc7 47.
d4 1-0

[Event "Early-Titled-Tuesday-Blitz-February-06-2024"]
[Site "Chess.com"]
[Date "2024.02.06"]
[Round "10"]
[White "arnash_bauyrzhan"]
[Black "AniJak"]
[Result "1-0"]
[WhiteElo "2271"]
[BlackElo "2345"]
[TimeControl "180+1"]
[EndTime "9:55:51 PST"]
[Termination "arnash_bauyrzhan won on time"]

1. e4 Nf6 2. e5 Nd5 3. d4 d6 4.
Nf3 dxe5 5. Nxe5 c6 6. Be2 Nd7 7. Nf3 N7f6 8. O-O Bg4 9. h3 Bxf3 10.
Bxf3 e6 11. c4 Nb6 12. Be2 Be7 13. Nc3 O-O 14. Bf4 c5 15. dxc5 Bxc5 16. Qc2 Qe7 17. Bg5 h6 18. Bh4 g5 19. Bg3 Rad8 20. Rae1 Bb4 21.
a3 Bxc3 22. Qxc3 Ne4 23. Qe5 Nd2 24. f4 Nxf1 25. Rxf1 f6 26. Qe4 f5 27. Qf3 Qg7 28. fxg5 hxg5 29. Bf2 e5 30. Qh5 Rd2 31. Be3 Rxb2 32.
c5 Nd5 33. Bc4 Rd8 34. Bxg5 Kf8 35. Rxf5+ Kg8 36. Rf1 b5 37. cxb6 axb6 38. Rd1 e4 39. Bxd5+ Kf8 40. Rf1+ 1-0

[Event "Early-Titled-Tuesday-Blitz-February-06-2024"]
[Site "Chess.com"]
[Date "2024.02.06"]
[Round "10"]
[White "Orest_Vovk"]
[Black "CSB7"]
[Result "1/2-1/2"]
[WhiteElo "2584"]
[BlackElo "2730"]
[TimeControl "180+1"]
[EndTime "9:55:52 PST"]
[Termination "Game drawn by repetition"]

1. h4 d5 2. h5 e5 3. h6 Nxh6 4.
d4 Nc6 5. dxe5 Nxe5 6. Bxh6 gxh6 7. Nf3 Bg7 8. Nxe5 Bxe5 9. Nc3 d4 10. Ne4 Bf5 11.
Rh5 Qd5 12. Rxf5 Qxe4 13. Qd3 Qxd3 14. cxd3 Bg7 15. g3 O-O 16. Bg2 c6 17. b4 a6 18.
a4 Rfe8 19. f4 Re6 20. Be4 Rf6 21. Rh5 Bf8 22. Rb1 Rd8 23. Kf2 Kg7 24. Kf3 Rd7 25. Rhh1 b5 26. Rhc1 Rdd6 27. Ra1 Be7 28. axb5 cxb5 29.
Rc7 Bf8 30. Ra7 Rde6 31. Rb1 Re7 32. Ra8 Rc7 33. Ra1 Bxb4 34. R1xa6 Rxa6 35. Rxa6 Bd2 36. Rd6 Bc3 37. Rb6 b4 38. Bd5 Rd7 39. Bc4 Re7 40. f5 f6 41. g4 Re3+ 42. Kf2 Re7 43. Rb5 Bd2 44. Kf3 Bc3 45. Kf2 Bd2 46. Kf1 Bc3 47. Kf2 1/2-1/2

[Event "Early-Titled-Tuesday-Blitz-February-06-2024"]
[Site "Chess.com"]
[Date "2024.02.06"]
[Round "10"]
[White "Ind1anStar"]
[Black "eightbyeightchess"]
[Result "0-1"]
[WhiteElo "2586"]
[BlackElo "2401"]
[TimeControl "180+1"]
[EndTime "9:55:52 PST"]
[Termination "eightbyeightchess won by resignation"]

1. d4 d5 2. Nf3 c5 3. c3 Nc6 4. g3 Nf6 5. Bg2 Bf5 6. O-O h6 7. dxc5 e5 8. b4 a5 9. b5 Na7 10. Nxe5 Bxc5 11. a4 O-O 12. Ba3 Qe7 13. Nd3 Bxa3 14. Nxa3 Rac8 15. b6 Nc6 16. c4 dxc4 17.
Nxc4 Nd4 18. Ne3 Bg6 19. Nf4 Rfd8 20. Nxg6 fxg6 21. Kh1 Nc2 22. Qc1 Nxa1 23. Qxa1 Rd2 24. Qb1 Kh7 25. Bf3 Qb4 26. Qxb4 axb4 27. Bxb7 Rb8 28. Nc4 Ra2 29. Bc6 b3 30. Rb1 b2 31.
a5 Ra1 32. Nd2 Rd8 33. b7 Rxd2 34. b8=Q Rxb1+ 35. Kg2 Rc1 36. a6 b1=Q 37. Qxb1 Rxb1 38. a7 Ra1 39. a8=Q Rxa8 40. Bxa8 Rxe2 41. Bf3 Rb2 42.
h3 g5 43. g4 Kg6 44. Bc6 Kf7 45. Kg3 Ke6 46. f3 Ke5 47. Ba8 Nd5 48. Bc6 Nf4 0-1

[Event "Early-Titled-Tuesday-Blitz-February-06-2024"]
[Site "Chess.com"]
[Date "2024.02.06"]
[Round "10"]
[White "rhungaski"]
[Black "Let_it_be_1"]
[Result "0-1"]
[WhiteElo "2488"]
[BlackElo "2588"]
[TimeControl "180+1"]
[EndTime "9:55:52 PST"]
[Termination "Let_it_be_1 won on time"]

1. e4 e6 2. d4 d5 3. Nc3 Nf6 4. e5 Ne4 5. Nxe4 dxe4 6. Bc4 a6 7.
a4 b6 8. Ne2 Bb7 9. Nf4 Nc6 10.
Be3 Nb4 11. O-O Nd5 12. Qg4 Nxf4 13. Qxf4 Be7 14. Qg4 g6 15. Rfd1 O-O 16. Bh6 Re8 17. Bf1 Qc8 18. c4 c5 19. d5 exd5 20. Qxc8 Raxc8 21. cxd5 Bf8 22. d6 Rcd8 23. Bg5 Rd7 24. Bf6 Bg7 25. a5 b5 26. Rac1 Bxf6 27. exf6 c4 28. b3 Re6 29. bxc4 bxc4 30. Bxc4 Rxf6 31.
Rb1 Bc6 32. Rb6 Rfxd6 33. Rxd6 Rxd6 34. h4 Rd1+ 35. Kh2 Bb5 36. Bb3 Rd3 37. Ba2 Ra3 38. Bd5 Rxa5 39. Rb7 Be8 40. Bxe4 Ra4 41. f3 Kf8 42.
Rb8 Ra3 43. Bc6 Re3 44. Ra8 Re6 0-1

[Event "Early-Titled-Tuesday-Blitz-February-06-2024"]
[Site "Chess.com"]
[Date "2024.02.06"]
[Round "10"]
[White "KhazhatulyAlikhan"]
[Black "BestestBP"]
[Result "1-0"]
[WhiteElo "2405"]
[BlackElo "2258"]
[TimeControl "180+1"]
[EndTime "9:55:52 PST"]
[Termination "KhazhatulyAlikhan won by checkmate"]

1. e4 e5 2. Nf3 Nc6 3. Nc3 Nf6 4. Bb5 Bb4 5. Bxc6 dxc6 6. d3 Nd7 7. O-O O-O 8. Ne2 f6 9. Ng3 Nb6 10. Nh4 g6 11. Bh6 Rf7 12. Qf3 Bf8 13. Bxf8 Qxf8 14. Qe3 Be6 15. a4 a6 16. b3 Rd8 17. h3 Nc8 18. Kh2 Ne7 19. Rae1 b6 20. Kg1 c5 21. Kh2 Nc6 22. Ne2 Nd4 23. Nxd4 cxd4 24. Qg3 Rg7 25. Re2 Qe7 26. f4 exf4 27. Rxf4 Rf8 28. Ref2 Qd6 29. R4f3 Qxg3+ 30. Rxg3 Rgf7 31. Rgf3 Kg7 32. g4 Bd7 33. Kg3 c5 34. Ng2 b5 35. axb5 axb5 36. Nf4 Rc8 37. Nd5 f5 38. gxf5 gxf5 39. exf5 Bc6 40. f6+ Kf8 41. Ne7 Bxf3 42. Nxc8 Bd5 43. Nd6 Rd7 44.
Nxb5 c4 45. bxc4 Bf7 46. Rf4 Rd8 47. Nxd4 Rb8 48. c5 Rb1 49. c6 Rg1+ 50. Kh2 Ra1 51. Nb5 Ra8 52. Nd6 Ra7 53. Rb4 Be8 54. Rb8 Rc7 55.
Rxe8# 1-0

[Event "Early-Titled-Tuesday-Blitz-February-06-2024"]
[Site "Chess.com"]
[Date "2024.02.06"]
[Round "10"]
[White "ExchangeAB"]
[Black "bilosuvenosu06"]
[Result "0-1"]
[WhiteElo "2424"]
[BlackElo "2578"]
[TimeControl "180+1"]
[EndTime "9:55:53 PST"]
[Termination "bilosuvenosu06 won by resignation"]

1. d4 Nf6 2. Nf3 e6 3. Bf4 d5 4. e3 Bd6 5. Bg3 O-O 6. Bd3 Nbd7 7. Ne5 Ne4 8. Nxd7 Bxd7 9. Bxe4 dxe4 10. Bxd6 cxd6 11.
O-O d5 12. Qd2 Rc8 13. Rc1 Qb6 14. b3 Bb5 15. a4 Ba6 16. b4 Bc4 17. Nc3 Qd6 18.
Nd1 f5 19. Nb2 Rc7 20. g3 Rfc8 21. a5 a6 22. Na4 g5 23. Nc5 Rf7 24. Kh1 Kh8 25.
Rg1 Rg8 26. Rae1 Rg6 27. Qd1 Qf8 28. Qh5 Qg7 29. Kg2 Rh6 30. Qd1 f4 31. Qg4 Qf6 32.
Kh1 fxe3 33. fxe3 Qf2 34. h3 Qf3+ 35. Qxf3 Rxf3 36. Kh2 Rhf6 37. Nxb7 Rf8 38. Nc5 R3f6 39. Rg2 R8f7 40. g4 Rf3 41. Na4 Rb7 42. Nb6 Bb5 43.
c3 Rc7 44. Rc2 Rcf7 45. Kg2 R7f6 46. Rd2 Rh6 47. Rh1 Rxe3 48. Nd7 Rxc3 49. Ne5 Kg7 50. Rf2 Rf6 51. Rxf6 Kxf6 52. h4 Rc2+ 53. Kg3 Rc3+ 54.
Kf2 gxh4 55. Rxh4 Rc2+ 56. Ke3 Re2+ 57. Kf4 Rf2+ 58. Kg3 Rd2 59. Rh6+ Kg7 60. Rxe6 Rxd4 61. Rd6 Rxb4 62. Kf4 e3+ 63. Kg5 e2 64. Nf3 Rb3 65. Ne1 Rb1 66. Nf3 e1=Q 67. Nxe1 Rxe1 68. Rxd5 Re7 69.
Rc5 Rd7 70. Kh5 Be2 71. Rc6 Rd4 72. Kh4 Rxg4+ 73. Kh3 Ra4 74. Rc7+ Kg6 75. Rc6+ Kf5 76.
Rc5+ Ke6 0-1

[Event "Early-Titled-Tuesday-Blitz-February-06-2024"]
[Site "Chess.com"]
[Date "2024.02.06"]
[Round "10"]
[White "adotand"]
[Black "ViIIagra"]
[Result "1-0"]
[WhiteElo "2908"]
[BlackElo "2955"]
[TimeControl "180+1"]
[EndTime "9:55:54 PST"]
[Termination "adotand won by checkmate"]

1. d4 d6 2. e4 Nf6 3. Nc3 e5 4. Nf3 Nbd7 5. g4 h6 6. Rg1 c6 7. h4 Qa5 8. Bd2 Qb6 9. g5 hxg5 10. hxg5 Nh5 11. dxe5 dxe5 12. Na4 Qc7 13. Rh1 g6 14.
Be3 b5 15. Nc3 Nb6 16. a4 b4 17. a5 bxc3 18. axb6 Qb7 19. Ba6 Qxa6 20. Rxa6 Bxa6 21. bxc3 axb6 22. Nxe5 Bc8 23. Nxc6 Be6 24. Qb1 Bg7 25. Qb4 Kd7 26. Ke2 Ng3+ 27. fxg3 Rxh1 28. Qxb6 Rc8 29.
Qb7+ Kd6 30. e5+ Bxe5 31. Nxe5 Rh2+ 32. Kf1 Kxe5 33. Bd4+ Kd6 34. Bf6 Rc4 35. Qb8+ Kd5 36. g4 Rh3 37. Qe5+ Kc6 38. Qb8 Rxg4 39. Qa8+ Kd6 40.
Qa6+ Kd7 41. Qb7+ Kd6 42. Be7+ Ke5 43. Qb8+ Kf5 44. Qb5+ Kf4 45. Bd6+ Ke4 46. Qe5+ Kf3 47. Qe2# 1-0

[Event "Early-Titled-Tuesday-Blitz-February-06-2024"]
[Site "Chess.com"]
[Date "2024.02.06"]
[Round "10"]
[White "ImportedItalianMaple"]
[Black "Akewjon"]
[Result "0-1"]
[WhiteElo "2515"]
[BlackElo "2774"]
[TimeControl "180+1"]
[EndTime "9:55:55 PST"]
[Termination "Akewjon won on time"]

1. Nf3 Nf6 2. g3 d5 3. Bg2 e6 4. O-O Be7 5. c4 O-O 6. b3 c5 7.
cxd5 Nxd5 8. Bb2 Nc6 9. d4 cxd4 10. Nxd4 Bd7 11. Nc3 Nxd4 12. Nxd5 Nxe2+ 13. Qxe2 exd5 14. Bxd5 Bc6 15. Bxc6 bxc6 16. Rfd1 Qe8 17. Qg4 f6 18. Re1 Qf7 19. Rad1 Rfd8 20. Rd7 Rxd7 21. Qxd7 Bb4 22. Rd1 Qxd7 23. Rxd7 a5 24. Bd4 a4 25. Rc7 Ra6 26.
Kg2 Bd6 27. Rc8+ Kf7 28. bxa4 Ke6 29. a5 Rxa5 30. Rxc6 Kd5 31. Bc3 Rxa2 32. Rc8 Rc2 33. Kf3 h5 34. h4 g5 35. hxg5 fxg5 36. Ke3 Bc5+ 37. Kd3 Rxf2 38. Rg8 Rf3+ 39. Kc2 Rxg3 40. Bd2 g4 41. Rg5+ Kc4 42. Rxh5 Rg2 43. Kd1 Bd4 44. Rg5 Kd3 45. Be1 Ra2 46. Bd2 Rxd2+ 0-1

[Event "Early-Titled-Tuesday-Blitz-February-06-2024"]
[Site "Chess.com"]
[Date "2024.02.06"]
[Round "10"]
[White "stratacticos"]
[Black "Ramla2020"]
[Result "0-1"]
[WhiteElo "2031"]
[BlackElo "2437"]
[TimeControl "180+1"]
[EndTime "9:55:55 PST"]
[Termination "Ramla2020 won on time"]

1. e4 e5 2. Nf3 d6 3. Bc4 Nd7 4. d4 c6 5. dxe5 dxe5 6. Nc3 Be7 7. a4 Ngf6 8. O-O O-O 9. h3 Qc7 10. Be3 Nc5 11. Nd2 Ne6 12. Nb3 Rd8 13. Qe2 Nd4 14. Bxd4 exd4 15. Nb1 Bd6 16. N1d2 c5 17. Nf3 Re8 18.
Ng5 Re7 19. Qf3 h6 20. Nxf7 Rxf7 21. Bxf7+ Kxf7 22. Rae1 Kg8 23. Nd2 c4 24. b3 Bb4 25.
Rd1 Bxd2 26. Rxd2 Qe5 27. Qe2 Be6 28. bxc4 Rc8 29. Rb1 Bxc4 30. Qd1 Rd8 31. f3 b6 32. Kh1 Nh5 33. Qe1 Rd6 34. Rbd1 Nf4 35. Qf2 d3 36.
cxd3 Bb3 37. Rb1 Nxd3 38. Qe3 Bc4 39. a5 Qxa5 40. e5 Rd8 41. e6 Qc5 42. Rxd3 Bxd3 43. Qxc5 bxc5 44. Rb7 c4 45. Rxa7 c3 46. Rc7 c2 47.
Kh2 Re8 48. e7 Kf7 49. Kg3 Rxe7 50. Rc3 Re1 51. Rc7+ Kg8 0-1

[Event "Early-Titled-Tuesday-Blitz-February-06-2024"]
[Site "Chess.com"]
[Date "2024.02.06"]
[Round "10"]
[White "aghasiyevkamal"]
[Black "vovachesss"]
[Result "0-1"]
[WhiteElo "2657"]
[BlackElo "2833"]
[TimeControl "180+1"]
[EndTime "9:55:56 PST"]
[Termination "vovachesss won by checkmate"]

1. d4 d5 2. c4 c6 3. Nf3 Nf6 4. Nc3 dxc4 5. a4 Bf5 6. e3 e6 7.
Bxc4 Bb4 8. O-O O-O 9. Qe2 Bg6 10. Rd1 Nbd7 11. Bd3 Qa5 12. e4 e5 13. Na2 Bd6 14. Bd2 Qc7 15. dxe5 Nxe5 16. Nxe5 Bxe5 17. h3 Bxb2 18.
Rab1 Bd4 19. Be3 Rad8 20. f3 Rfe8 21. Bc4 Bxe3+ 22. Qxe3 b6 23. Nb4 c5 24. Nd5 Nxd5 25.
Bxd5 Qe5 26. Qb3 Rd6 27. a5 Red8 28. Qa3 h5 29. Rbc1 h4 30. axb6 axb6 31. Qa7 Kh7 32. Rf1 Qf4 33. Qc7 R8d7 34. Qb8 Bh5 35. Rc4 Qe3+ 36.
Rf2 Qe1+ 37. Rf1 Qe3+ 38. Kh1 Qe2 39. Rcc1 Rg6 40. Qh2 Rg3 41. Rfe1 Qd2 42. Red1 Qf4 43. Re1 Rd6 44. Bc4 Rd2 45. Bf1 Bxf3 46. gxf3 Rxh2+ 47. Kxh2 Rxh3+ 48. Kg1 Qh2# 0-1

[Event "Early-Titled-Tuesday-Blitz-February-06-2024"]
[Site "Chess.com"]
[Date "2024.02.06"]
[Round "10"]
[White "yobdc"]
[Black "unclear15"]
[Result "0-1"]
[WhiteElo "2592"]
[BlackElo "2445"]
[TimeControl "180+1"]
[EndTime "9:55:56 PST"]
[Termination "unclear15 won on time"]

1. d4 Nf6 2. c4 g6 3. f3 Bg7 4. e4 O-O 5. Nc3 d6 6. Be3 Nc6 7. Nge2 e5 8. d5 Ne7 9. Qd2 Nd7 10. g4 f5 11. gxf5 gxf5 12. Rg1 f4 13. Bf2 Kh8 14. Bh3 Ng6 15. O-O-O a6 16. Kb1 Rb8 17. Rg2 b5 18. cxb5 axb5 19. Rdg1 Nc5 20. Bxc8 Qxc8 21. h4 b4 22. Nd1 Qa6 23. Bxc5 dxc5 24. h5 Nh4 25. Rxg7 Nxf3 26. Qc2 Nxg1 27. Rxg1 f3 28. Nc1 c4 29.
b3 c3 30. Nf2 Rg8 31. Qd1 Qa3 32. Nfd3 Rg2 33. Rxg2 fxg2 34. Qg1 Rg8 35. h6 Qa6 36. Kc2 Qxh6 37. Ne2 Qh1 38. Qc5 g1=Q 39. Nxg1 Qxg1 40. Nxb4 Qxc5 41. Nd3 Qd4 42. b4 Rg2+ 43. Kb3 Qxd3 44.
b5 Rb2+ 45. Ka4 Qxb5+ 0-1

[Event "Early-Titled-Tuesday-Blitz-February-06-2024"]
[Site "Chess.com"]
[Date "2024.02.06"]
[Round "10"]
[White "campochess"]
[Black "JiiHart"]
[Result "1-0"]
[WhiteElo "2085"]
[BlackElo "2136"]
[TimeControl "180+1"]
[EndTime "9:55:56 PST"]
[Termination "campochess won by checkmate"]

1. e4 c5 2. b4 e6 3. bxc5 Bxc5 4. d4 Be7 5. Nf3 Nf6 6. Bd3 b6 7. O-O Bb7 8. Re1 d6 9. c4 O-O 10. Nc3 Nc6 11. a4 e5 12. d5 Nb4 13. Bb1 Na6 14. Ba3 Nc5 15. Bxc5 bxc5 16. Bc2 Qa5 17. Qd2 Rab8 18.
Reb1 a6 19. Ne2 Qxd2 20. Nxd2 Nd7 21. a5 Ba8 22. Nc3 Rb4 23. Rxb4 cxb4 24. Na4 Rb8 25. Rb1 Bd8 26. Nb3 g6 27. Kf1 Kg7 28. Ke2 h5 29. Kd3 f5 30. f3 fxe4+ 31. fxe4 Bc7 32. c5 dxc5 33. Naxc5 Nxc5+ 34. Nxc5 Bxa5 35. Nxa6 Rc8 36. Rb3 Bb7 37. Nxb4 Bxb4 38. Rxb4 Ba6+ 39. Kd2 Rf8 40. Ke3 Rc8 41. Ba4 Rc3+ 42. Kf2 Rc2+ 43. Bxc2 Bd3 44.
Bxd3 g5 45. Rb6 h4 46. Bc4 Kf7 47. d6+ Ke8 48. Rb7 Kd8 49. Bb5 g4 50. Re7 g3+ 51.
hxg3 hxg3+ 52. Kxg3 Kc8 53. Re8+ Kb7 54. d7 Kb6 55.
Bd3 Kc5 56. d8=Q Kb4 57. Qd5 Kc3 58. Rc8+ Kd2 59. Ba6+ Ke3 60. Rc3# 1-0

[Event "Early-Titled-Tuesday-Blitz-February-06-2024"]
[Site "Chess.com"]
[Date "2024.02.06"]
[Round "10"]
[White "Zohid6"]
[Black "Mackster23"]
[Result "1-0"]
[WhiteElo "2883"]
[BlackElo "2747"]
[TimeControl "180+1"]
[EndTime "9:55:58 PST"]
[Termination "Zohid6 won on time"]

1. e4 c5 2. Nf3 d6 3. Bb5+ Nd7 4. c4 a6 5. Ba4 Nf6 6. Nc3 e6 7. O-O Be7 8. d4 cxd4 9. Qxd4 O-O 10. Bc2 Qc7 11. b3 b6 12. a4 Bb7 13. Ba3 Rfd8 14.
Rad1 Ne5 15. Qe3 Ng6 16. Rd2 Rac8 17. Rfd1 d5 18. Bxe7 Nxe7 19. e5 Nd7 20. Rd4 Nf8 21. Ne2 dxc4 22. bxc4 Nfg6 23. Rd6 Bxf3 24. gxf3 Re8 25.
Bd3 Nf5 26. Bxf5 exf5 27. f4 Qxc4 28. R1d4 Qc5 29. Ng3 Nh4 30. Qe2 Qc1+ 31. Nf1 Rc3 32. Rd8 Rc8 33. Rxe8+ Rxe8 34. Qh5 Qc5 35. Rd7 Ng6 36.
Qxf5 Qc4 37. Ne3 Qxf4 38. Qxf4 Nxf4 39. Ra7 g6 40. Ng4 Re6 41. Rxa6 h5 42. Nf6+ Kg7 43. Nd7 Nd3 44. Rxb6 Rd6 45. Rxd6 1-0

[Event "Early-Titled-Tuesday-Blitz-February-06-2024"]
[Site "Chess.com"]
[Date "2024.02.06"]
[Round "10"]
[White "DonMicheleCorleone"]
[Black "NMJeevanK"]
[Result "1-0"]
[WhiteElo "2469"]
[BlackElo "2594"]
[TimeControl "180+1"]
[EndTime "9:55:58 PST"]
[Termination "DonMicheleCorleone won on time"]

1. e4 c5 2. c3 e5 3. d4 exd4 4. cxd4 cxd4 5. Nf3 d5 6. exd5 Qxd5 7. Qxd4 Be6 8. Nc3 Qa5 9. Bb5+ Nc6 10. O-O Nf6 11.
Re1 Be7 12. Ne5 O-O 13. Bxc6 bxc6 14. Nxc6 Qc7 15. Nxe7+ Qxe7 16. Bg5 Rfd8 17. Qh4 h6 18. Bxf6 Qxf6 19. Qxf6 gxf6 20. Rad1 Rdb8 21. Rd2 a5 22. f3 a4 23. a3 Rb3 24. Kf2 Rab8 25. Nxa4 Kg7 26. Re3 R3b5 27. b4 Ra8 28. Nc5 Bf5 29. g4 Bg6 30. Rd5 Rbb8 31. f4 Bb1 32. Rd1 Ba2 33. Rd2 Bc4 34. Rd6 Rd8 35. Rxd8 Rxd8 36.
Rc3 Rd2+ 37. Ke3 Re2+ 38. Kf3 Rxh2 39. Rxc4 Rh3+ 40. Ke4 Rxa3 41. b5 Kg6 42. Rb4 Rc3 43. b6 h5 44. gxh5+ Kxh5 45. b7 Kg4 46. b8=Q f5+ 47.
Kd4 Rg3 48. Nd3 1-0

[Event "Early-Titled-Tuesday-Blitz-February-06-2024"]
[Site "Chess.com"]
[Date "2024.02.06"]
[Round "10"]
[White "Ducke13"]
[Black "Barath1308"]
[Result "0-1"]
[WhiteElo "2279"]
[BlackElo "2384"]
[TimeControl "180+1"]
[EndTime "9:56:00 PST"]
[Termination "Barath1308 won by resignation"]

1. d4 Nf6 2. g3 g6 3. Bg2 Bg7 4. e4 d6 5. Ne2 O-O 6. O-O c6 7. a4 a5 8. Nbc3 Na6 9. h3 Nb4 10. f4 e5 11. Be3 Be6 12. b3 Re8 13. Qd2 Qc7 14. Rae1 Rad8 15. g4 Bc8 16. Qc1 b6 17. f5 Ba6 18. fxg6 hxg6 19. Bh6 exd4 20. Bxg7 Kxg7 21.
Rxf6 Kxf6 22. Qh6 dxc3 23. Rf1+ Ke6 24. Nd4+ Ke7 25. Rxf7+ Kxf7 26. Qh7+ Kf6 27. Qxc7 c5 28. g5+ Ke5 29. Nf3+ Kf4 30. Qf7+ Ke3 31. Qxg6 Nxc2 32. e5 Nd4 33. Nxd4 cxd4 34. Qe4+ Kd2 35. Qxd4+ Kc2 36.
Be4+ Kb2 37. exd6 Rxe4 38. Qxe4 Rxd6 39. Qe5 Rd1+ 40. Kf2 Kxb3 41. g6 c2 42. Qe6+ Bc4 43. Qxb6+ Ka2 44. Qe3 c1=Q 45. Qxc1 Rxc1 46. h4 Rh1 47.
Kg3 Rg1+ 48. Kf4 Rxg6 49. Kf5 Rg2 50. h5 Kb3 51. h6 Kxa4 52. h7 Bd3+ 53. Kf4 Bxh7 54.
Ke3 Rg3+ 55. Kd4 Rb3 56. Kc4 Bg8+ 57. Kc5 Rc3+ 58. Kd4 Kb4 59. Ke4 a4 60. Kd4 a3 0-1

[Event "Early-Titled-Tuesday-Blitz-February-06-2024"]
[Site "Chess.com"]
[Date "2024.02.06"]
[Round "10"]
[White "NovakRatko"]
[Black "Akylbek2021"]
[Result "1-0"]
[WhiteElo "2406"]
[BlackElo "2288"]
[TimeControl "180+1"]
[EndTime "9:56:01 PST"]
[Termination "NovakRatko won by resignation"]

1. d4 Nf6 2. c4 e6 3. a3 c5 4. d5 exd5 5. cxd5 d6 6. Nc3 g6 7.
e4 Bg7 8. Bg5 O-O 9. f3 a6 10. Qd2 b5 11. b4 Nbd7 12. Bd3 Ne5 13. Nge2 Qb6 14. bxc5 Qxc5 15. Be3 Qc7 16. O-O Bd7 17.
Rfc1 Qb7 18. Bg5 Rfc8 19. h3 Rc7 20. f4 Nxd3 21. Qxd3 Rac8 22. Rab1 Qa7+ 23. Kh2 h6 24. Bh4 Rc4 25. Qf3 Nh5 26. g4 Nf6 27. Bf2 Qc7 28.
Bg3 Qc5 29. Bf2 Qxa3 30. Ra1 Qb2 31. Rxa6 b4 32. Nd1 Qd2 33. Be3 Qe1 34. Bf2 Qf1 35.
Rxc4 Rxc4 36. Ne3 Bxg4 37. hxg4 Nxg4+ 38. Nxg4 Rc2 39. Ra8+ Kh7 40. Ne3 Qxe2 41. Qxe2 Rxe2 42. Kg3 Bd4 43. Kf3 Rb2 44. Rb8 b3 45. Rb7 Kg7 46.
Ng4 Rb1 47. Bxd4+ Kh7 1-0

[Event "Early-Titled-Tuesday-Blitz-February-06-2024"]
[Site "Chess.com"]
[Date "2024.02.06"]
[Round "10"]
[White "GlavkonVVS"]
[Black "zsoltkorpics"]
[Result "1-0"]
[WhiteElo "2630"]
[BlackElo "2480"]
[TimeControl "180+1"]
[EndTime "9:56:02 PST"]
[Termination "GlavkonVVS won on time"]

1. c4 Nf6 2. Nc3 c5 3. g3 d5 4. Bg2 d4 5. Na4 e5 6. d3 Be7 7. Nf3 Nc6 8. O-O O-O 9. Bg5 Nd7 10. Bd2 Nb6 11. a3 Bd7 12. Nxb6 axb6 13. b4 Qc7 14. b5 Nd8 15. e3 f5 16. exd4 cxd4 17. Qb3 Ne6 18. Bb4 Nc5 19. Qb1 Bf6 20. Re1 Rfe8 21.
Nd2 Re6 22. Bd5 Kh8 23. Bxc5 Qxc5 24. Nb3 Qd6 25. Bxb7 Rb8 26. Bd5 Ree8 27. a4 f4 28.
Qd1 fxg3 29. hxg3 Bg5 30. Qh5 Qf6 31. a5 Rf8 32. Rf1 Be8 33. Qe2 Qh6 34. Qxe5 Bh5 35.
axb6 Bf6 36. Qe4 Bg6 37. Qf3 Be5 38. Qe2 Rbe8 39. Be4 Bh5 40. Qd2 Qe6 41. f4 Bf6 42. Rae1 Qh3 43. Qg2 Qg4 44. b7 1-0

[Event "Early-Titled-Tuesday-Blitz-February-06-2024"]
[Site "Chess.com"]
[Date "2024.02.06"]
[Round "10"]
[White "ljuks68"]
[Black "TokChess"]
[Result "1-0"]
[WhiteElo "2434"]
[BlackElo "2553"]
[TimeControl "180+1"]
[EndTime "9:56:02 PST"]
[Termination "ljuks68 won on time"]

1. e4 e6 2. d4 d5 3. Nc3 Nf6 4. Bg5 Be7 5. e5 Nfd7 6. h4 b6 7. Qg4 Kf8 8. Bxe7+ Qxe7 9. O-O-O Ba6 10. f4 h5 11. Qh3 g6 12. Nf3 Ke8 13. g4 Kd8 14.
gxh5 Rxh5 15. Ne2 c5 16. Ng3 Rh8 17. h5 gxh5 18. Nxh5 Kc7 19. Kb1 Bxf1 20. Qxf1 Nc6 21. c4 dxc4 22. Qxc4 Kb7 23. d5 Na5 24. Qe4 exd5 25.
Rxd5 Kc7 26. Rhd1 Rad8 27. Ng3 Nc6 28. Nf5 Nf6 29. Qa4 Qe6 30. Rd6 Qxf5+ 31. Ka1 Rxd6 32. exd6+ Kb7 33. Ng5 Rd8 34. Nxf7 Rd7 35. Ng5 Nd4 36. a3 Rxd6 37. Nf7 Rd7 38. Ne5 Rc7 39. Rg1 Qe6 40. Rg6 Qf5 41. Qd1 Qxf4 42. Qh1+ Qe4 43.
Qh2 Nd5 44. Nc4 Ne3 45. Nd6+ Ka6 46. Nxe4 Nf3 47. Qe2+ 1-0

[Event "Early-Titled-Tuesday-Blitz-February-06-2024"]
[Site "Chess.com"]
[Date "2024.02.06"]
[Round "10"]
[White "FredddieCroderg"]
[Black "Nf3c5"]
[Result "0-1"]
[WhiteElo "2379"]
[BlackElo "2554"]
[TimeControl "180+1"]
[EndTime "9:56:03 PST"]
[Termination "Nf3c5 won by checkmate"]

1. e4 c5 2. c3 Qa5 3. Nf3 Nc6 4. Be2 Nf6 5. Qc2 d6 6. O-O Bg4 7. h3 Bh5 8. Qb3 Qc7 9. d4 Bxf3 10. Bxf3 cxd4 11. cxd4 Nxd4 12. Qa4+ Nc6 13. Bg5 e6 14. Nc3 Be7 15. Nb5 Qb6 16. e5 dxe5 17. Be3 Qd8 18. Rfd1 Qb8 19. Rac1 O-O 20. Rxc6 bxc6 21. Bxc6 a6 22. Nc3 Qxb2 23. Bxa8 Rxa8 24. Qc6 Rb8 25. Qc7 Re8 26. Bg5 h6 27. Bxf6 Bxf6 28. Ne4 Qxa2 29. Rd7 Qb1+ 30. Kh2 Qxe4 31. Rxf7 Qg6 32. Rd7 e4 33. g3 Qf5 34. Kg1 Rf8 35. Qa7 a5 36. h4 a4 37. h5 a3 38. Rd1 Bb2 39. Rd7 Qxh5 40. Rb7 Qd1+ 41. Kg2 Qf3+ 42. Kh3 Qh1+ 43. Kg4 Qf3+ 44. Kh3 Qf5+ 45. Kh2 e3 46. Rxb2 axb2 47. Qxe3 Qxf2+ 48. Qxf2 Rxf2+ 49. Kh1 Rc2 50. g4 b1=Q# 0-1